 Dungeon Crawl Stone Soup version 0.30.1-9-gdf580d7c3d (webtiles) character file.

Game seed: 14938180564313608597

67 KittyFluff the Cudgeller (level 4, -2/28 HPs)
             Began as a Gargoyle Berserker on Oct 16, 2023.
             Was a Believer of Trog.
             Slain by Sigmund
             ... wielding a +0 scythe
              (6 damage)
             ... on level 2 of the Dungeon.
             The game lasted 00:04:43 (1370 turns).

KittyFluff the Cudgeller (Gargoyle Berserker)       Turns: 1370, Time: 00:04:44

Health: -2/28      AC:  7    Str: 22    XL:     4   Next: 16%
Magic:  4/4        EV: 11    Int:  8    God:    Trog [**....]
Gold:   62         SH:  0    Dex:  9    Spells: 3/3 levels left

rFire   . . .        a - +0 mace
rCold   . . .        (no shield)
rNeg    + . .        h - +0 leather armour
rPois   ∞            (no helmet)
rElec   +            (no cloak)
rCorr   .            (no gloves)
SInv    .            (no boots)
Will    .....        l - amulet of the acrobat
Stlth   +            (no ring)
HPRegen 0.24/turn    (no ring)
MPRegen 0.09/turn

%: acrobat
@: no status effects
A: sickness immunity, AC +3, negative energy resistance 1, electricity
resistance, torment resistance 1, petrification resistance
a: Renounce Religion, Berserk, Trog's Hand


You were on level 2 of the Dungeon.
You worshipped Trog.
Trog was pleased with you.
You visited 1 branch of the dungeon, and saw 2 of its levels.

You collected 62 gold pieces.

Inventory:

Hand Weapons
 a - a +0 mace (weapon)
 o - a +0 sling
Missiles
 n - 4 poisoned darts (quivered)
Armour
 h - a +0 leather armour (worn)
Jewellery
 l - an amulet of the acrobat (around neck)
Scrolls
 b - a scroll of amnesia {unknown}
 c - 5 scrolls of identify {unknown}
 d - a scroll of magic mapping {unknown}
 e - a scroll of blinking {unknown}
 f - 3 scrolls of silence {unknown}
 g - a scroll of enchant weapon {unknown}
 i - 2 scrolls of teleportation {unknown}
 m - 2 scrolls of poison {unknown}
 p - a scroll of noise {unknown}
Potions
 j - a potion of degeneration {unknown}
 k - a potion of invisibility {unknown}


   Skills:
 + Level 3.6 Fighting
 * Level 3.7 Maces & Flails
 * Level 3.2 Armour
 + Level 2.0 Dodging


You had 3 spell levels left.
You didn't know any spells.
Your spell library was empty.

Dungeon Overview and Level Annotations

Branches:
Dungeon (2/15)

Altars:

Annotations:
D:2 Sigmund


Innate Abilities, Weirdness & Mutations

You are immune to sickness and miasma.
Your stone body is resilient. (AC +3)
You are immune to poison.
You resist negative energy. (rN+)
You are resistant to electric shocks. (rElec)
You are resistant to unholy torment.
You are immune to petrification.


Message History

The dart slug completely misses you.
You see here a +0 flail.
You sock the dart slug!
The dart slug is almost dead.
The dart slug bites you but does no damage.
You hit the dart slug.
You kill the dart slug!
Trog accepts your kill.
You see here a dart slug corpse.
A frilled lizard comes into view.
The frilled lizard hisses angrily.
Sigmund the Dreaded comes into view.
He is wielding a +0 scythe.
Found a ring mail.
Sigmund shouts!
Sigmund completely misses you.
The frilled lizard completely misses you.
You closely miss the frilled lizard. The frilled lizard closely misses you.
You sock the frilled lizard!
You kill the frilled lizard!
Trog accepts your kill.
Sigmund mumbles some strange words.
Sigmund flickers and vanishes!
Deactivating autopickup; reactivate with Ctrl-A.
Something hits you. Something barely misses you. Something closely misses you.
You see here a frilled lizard corpse.
You are confused.
You bump into the rock wall.
You bump into the rock wall.
Something closely misses you.
You're too confused to move!
Something hits you!
You bump into the rock wall.
You miss something.
You feel less confused. Something hits you!
You closely miss something. Something hits you!
* * * LOW HITPOINT WARNING * * *
You miss something. Something hits you.
You die...

##.#############.....#
#.#....#..........#.#
#)#)##.#......#.#.#.#
#.#..#.#..###.#.#.#..
#.#.<#.>........#.#
#.####...####.#.#[#
#........# #.#...####
########..# #.#{.....#
..........# #.#@##.#.#
########.#####.#.#
..... #.......#.# #.#
. #########.# .# #.# #
#.# #.. ###


There were no monsters in sight!

Vanquished Creatures
  3 adders (D:2)
  A worm (D:2)
  A dart slug (D:2)
  4 ball pythons (D:1)
  3 endoplasms
  3 goblins (D:2)
  3 hobgoblins
  2 jackals (D:2)
  4 bats
  2 frilled lizards (D:2)
  5 kobolds
  4 rats
35 creatures vanquished.

Notes
Turn   | Place    | Note
-------+----------+-------------------------------------------
     0 | D:1      | KittyFluff the Gargoyle Berserker began the quest for the
                  | Orb.
     0 | D:1      | Reached XP level 1. HP: 14/14 MP: 1/1
   398 | D:1      | Reached XP level 2. HP: 17/19 MP: 2/2
   792 | D:2      | Reached ** piety under Trog
   923 | D:2      | Reached XP level 3. HP: 23/23 MP: 3/3
  1018 | D:2      | Found a faded altar of an unknown god.
  1112 | D:2      | Reached XP level 4. HP: 28/28 MP: 4/4
  1355 | D:2      | Noticed Sigmund
  1370 | D:2      | Slain by Sigmund

Illustrated notes

Levels and vault maps discovered:
D:1:      dpeg_arrival_leaves_temple_mockup, layout_basic, minmay_pentomino_z4
D:2:      layout_basic, ebering_ecumenical_altar_petrified, uniq_sigmund,
          uniq_terence

Skill      XL: |  1  2  3 |
---------------+----------+-----
Armour         | 3 |  3.2
Dodging        | 2 |  2.0
Fighting       | |  3.6
Maces & Flails | |  3.7

Action                     |  1- 3 |  4- 6 || total
---------------------------+-------+-------++-------
  Melee: Mace              |   105 |    21 ||   126
         Punch             |     2 |       ||     2
 Armour: Animal skin       |     3 |       ||     3
         Leather armour    |    52 |     2 ||    54
  Dodge: Dodged            |    73 |    16 ||    89
